 Dungeon Crawl Stone Soup version 0.24-a0-545-gd1b266bae6 (webtiles) character file.

Game seed: 6969679119664057885

2 Esekla the Skirmisher (level 1, 9/16 HPs)
             Began as an Octopode Abyssal Knight on Aug 18, 2019.
             Was an Initiate of Lugonu.
             Got out of the dungeon alive.
             The game lasted 00:02:23 (183 turns).

Esekla the Skirmisher (Octopode Abyssal Knight)      Turns: 183, Time: 00:02:23

Health: 9/16       AC:  1    Str: 13    XL:     1   Next: 40%
Magic:  2/2        EV: 13    Int: 14    God:    Lugonu [......]
Gold:   21         SH:  0    Dex: 11    Spells: 0/0 levels left

rFire    . . .     SeeInvis .   a - +1 falchion
rCold    . . .     Gourm    .   (no shield)
rNeg     . . .     Faith    .   (helmet restricted)
rPois    .         Spirit   .   (no amulet)
rElec    .         Reflect  .   (no ring)
rCorr    .         Harm     .   (no ring)
MR       .....                  (no ring)
Stlth    ++........             (no ring)
HPRegen  0.05/turn              (no ring)
MPRegen  0.08/turn              (no ring)
                                (no ring)
                                (no ring)

@: no status effects
A: almost no armour, stealthy swim, amphibious, 8 rings, constrict 8, camouflage
1, screaming 1, strong 1, gelatinous body 1
a: Renounce Religion


You escaped.
You worshipped Lugonu.
Lugonu was noncommittal.
You were not hungry.

You visited 1 branch of the dungeon, and saw 1 of its levels.
You visited the Abyss 1 time.

You collected 21 gold pieces.

Inventory:

Hand Weapons
 a - a +1 falchion (weapon)
Potions
 c - a potion of flight {unknown}
 d - a potion of haste {unknown}
Comestibles
 b - 2 rations


   Skills:
 + Level 3.1 Fighting
 + Level 2.0 Long Blades
 + Level 2.4 Dodging
 + Level 2.0 Invocations


You couldn't memorise any spells.
You didn't know any spells.
Your spell library was empty.

Dungeon Overview and Level Annotations

Branches:
Dungeon (1/15)

Altars:


Innate Abilities, Weirdness & Mutations

You cannot wear most types of armour.
You are very stealthy in the water. (Stealth+)
You are amphibious.
You can wear up to eight rings at the same time.
You can use your tentacles to constrict eight enemies at once.
Your skin changes colour to match your surroundings (Stealth+).
Your rubbery body absorbs attacks. (AC +1, EV +1)
You occasionally shout uncontrollably at your foes.
Your muscles are strong. (Str +2)


Message History

The hellwing swoops through the air toward you!
The hellwing barely misses you.
You riposte.
You hit the hellwing.
The hellwing is lightly wounded.
The hellwing hits you!
Ouch! That really hurt!
Found 11 arrows.
You pass through the gate.
You can no longer depart the Abyss at will.
A dart slug comes into view.
You shout at the dart slug!
There is a staircase leading out of the dungeon here.
You hit the dart slug. You grab the dart slug. You squeeze the dart slug.
You kill the dart slug!
Lugonu accepts your kill.
You open the large door.
There is a large open door here.
There is a staircase leading out of the dungeon here.
Are you sure you want to leave the Dungeon?
This will make you lose the game!
Magic restored.
You have escaped!

###### #@...#
#....# #....#
#....# ##''##
#............
##.##.#######
.. ..# ...
...


There were no monsters in sight!

Vanquished Creatures
  A dart slug (D:1)
1 creature vanquished.

Notes
Turn   | Place    | Note
-------+----------+-------------------------------------------
     0 | Abyss:1  | Esekla the Octopode Abyssal Knight began the quest for the
                  | Orb.
     0 | Abyss:1  | Reached XP level 1. HP: 16/16 MP: 2/2
   115 | Abyss:1  | Noticed a hornet
   127 | Abyss:1  | Noticed a purple draconian
   150 | Abyss:1  | Noticed a neqoxec
   152 | Abyss:1  | Noticed a hellwing
   155 | Abyss:1  | Gained mutation: Your muscles are strong. (Str +2) [a
                  | neqoxec]
   156 | Abyss:1  | Gained mutation: You occasionally shout uncontrollably at
                  | your foes. [a neqoxec]
   165 | Abyss:1  | Noticed a small abomination
   170 | D:1      | Escaped the Abyss
   183 | D:$      | Got out of the dungeon alive.

Levels and vault maps discovered:
D:1:      sevenhm_arrival_forest_fort_small_6, layout_rooms, bh_walls_and_bars

Action                   || total
-------------------------++-------
Melee: Falchion          ||     1
       Constrict         ||     1
       Tentacles         ||     1
Invok: Depart the Abyss  ||     1
Dodge: Dodged            ||     3
       Rpst.: Falchion   ||     2

Table legend:
 A = Non-vault XP
 B = Vault XP
 C = Vault XP percentage of total XP
 D = Non-vault monster count
 E = Vault monster count
 F = Vault count percentage of total count
                 A         B        C        D         E       F
            +---------+---------+-------+---------+---------+-------
      Total |       4 |       0 |   0.0 |       1 |       0 |   0.0
            +---------+---------+-------+---------+---------+-------
        D:1 |       4 |       0 |   0.0 |       1 |       0 |   0.0
            +---------+---------+-------+---------+---------+-------
